Map: King Sejong Station LE

Players

puCK (Nina)

  • Race: Protoss Protoss
  • League: Grandmaster

LiquidSnute (Snute) - Winner!

  • Race: Zerg Zerg
  • League: Grandmaster

VOD

https://youtu.be/bedXmaoDvrY?list=PL7UDWN70TnDRKosKeSIaouM8TvQPF44Gr

Description

Time

  • Played on: Aug. 26, 2016, 12:48 p.m.
  • Length: 11:11
Show
View Real Time Build Order
Export as new Build Order

puCK Protoss 

Build Orders: 1 Gate Expand 

Get SALT Encoding   

  12  0:01  Probe (Chrono Boost)  
  13  0:11  Probe (Chrono Boost)  
  14  0:18  Pylon  
  14  0:22  Probe (Chrono Boost)  
  15  0:37  Probe (Chrono Boost)  
  15  0:39  Gateway  
  16  0:47  Probe (Chrono Boost)  
  17  0:50  Assimilator  
  17  0:58  Probe (Chrono Boost)  
  18  1:08  Probe (Chrono Boost)  
  19  1:19  Probe (Chrono Boost)  
  20  1:28  Nexus  
  21  1:36  Cybernetics Core  
  21  1:39  Probe (Chrono Boost)  
  21  1:46  Pylon  
  21  1:50  Probe (Chrono Boost)  
  21  1:53  Assimilator  
  22  2:00  Probe (Chrono Boost)  
  23  2:06  Warp Gate  
  23  2:10  Adept  
  23  2:12  Probe (Chrono Boost)  
  27  2:24  Probe (Chrono Boost)  
  27  2:26  Twilight Council  
  27  2:33  Stalker  
  27  2:36  Probe (Chrono Boost)  
  28  2:40  Probe (Chrono Boost)  
  31  2:48  Probe (Chrono Boost)  
  31  2:50  Probe (Chrono Boost)  
  33  2:53  Resonating Glaives  
  33  3:00  Probe (Chrono Boost)  
  33  3:02  Probe (Chrono Boost)  
  33  3:04  Adept  
  39  3:12  Probe (Chrono Boost)  
  39  3:14  Probe (Chrono Boost)  
  39  3:24  Probe (Chrono Boost)  
  39  3:26  Probe (Chrono Boost)  
  41  3:27  Pylon  
  41  3:31  Gateway x2  
  41  3:38  Probe (Chrono Boost), Mothership Core (Chrono Boost)  
  44  3:46  Adept  
  46  3:50  Probe (Chrono Boost)  
  44  3:58  Probe (Chrono Boost)  
  41  4:04  Probe (Chrono Boost)  
  43  4:10  Probe (Chrono Boost)  
  43  4:16  Probe (Chrono Boost)  
  43  4:22  Probe (Chrono Boost)  
  44  4:24  Dark Shrine  
  44  4:26  Adept  
  44  4:27  Adept, Probe (Chrono Boost)  
  49  4:32  Probe (Chrono Boost)  
  49  4:33  Pylon  
  49  4:34  Adept  
  49  4:38  Probe (Chrono Boost)  
  53  4:41  Pylon  
  53  4:43  Probe (Chrono Boost)  
  53  4:44  Assimilator  
  54  4:46  Robotics Facility  
  54  4:51  Probe (Chrono Boost)  
  55  4:53  Probe (Chrono Boost)  
  56  5:01  Probe (Chrono Boost)  
  56  5:02  Nexus  
  56  5:06  Pylon, Probe (Chrono Boost)  
  58  5:12  Probe (Chrono Boost)  
  59  5:17  Probe (Chrono Boost)  
  56  5:22  Probe (Chrono Boost)  
  56  5:27  Probe (Chrono Boost)  
  54  5:29  Warp Prism  
  54  5:31  Sentry x3  
  54  5:34  Probe (Chrono Boost)  
  61  5:36  Assimilator  
  61  5:38  Probe (Chrono Boost)  
  61  5:40  Gateway  
  61  5:41  Gateway  
  62  5:46  Probe (Chrono Boost)  
  62  5:48  Probe (Chrono Boost)  
  64  5:51  Gateway  
  64  5:52  Gateway  
  65  5:58  Probe (Chrono Boost)  
  65  5:59  Adept x2  
  65  6:03  Pylon  
  69  6:04  Pylon  
  69  6:11  Probe (Chrono Boost)  
  70  6:14  Pylon  
  70  6:16  Probe (Chrono Boost)  
  71  6:18  Observer, Pylon  
  71  6:24  Probe x2 (Chrono Boost)  
  74  6:28  Probe (Chrono Boost)  
  75  6:34  Dark Templar  
  75  6:35  Dark Templar x2, Probe x2 (Chrono Boost)  
  84  6:40  Probe (Chrono Boost)  
  84  6:45  Probe (Chrono Boost), Immortal  
  84  6:46  Pylon  
  85  6:52  Adept x2  
  85  6:53  Probe (Chrono Boost)  
  85  6:54  Adept  
  96  7:02  Probe (Chrono Boost)  
  97  7:12  Probe (Chrono Boost)  
  97  7:14  Probe (Chrono Boost)  
  99  7:16  Assimilator  
  99  7:17  Assimilator, Probe (Chrono Boost)  
  99  7:18  Templar Archives  
  99  7:19  Pylon, Immortal  
  100  7:24  Adept x3, Probe (Chrono Boost)  
  100  7:27  Pylon  
  110  7:36  Stalker  
  110  7:37  Stalker x2  
  113  7:41  Stalker  
  117  7:57  Probe (Chrono Boost)  
  118  8:00  Immortal  
  122  8:05  Stalker x2  
  122  8:06  Stalker  
  122  8:10  Adept x3  
  122  8:11  Adept  
  136  8:15  Pylon  
  136  8:16  Pylon  
  136  8:17  Pylon  
  136  8:18  Pylon  
  136  8:32  Stalker x3  
  136  8:33  Stalker x2  
  112  9:00  Stalker x5  
  112  9:01  Stalker x2  
  90  9:10  Pylon  
  90  9:11  Pylon  
  90  9:16  Stargate  
  88  9:17  Stargate  
  88  9:23  Adept x2  
  88  9:24  Adept x4  
  95  9:27  Warp Prism  
  95  9:31  Adept  
  103  9:44  Pylon  
  103  9:46  Adept x2  
  103  9:52  Stalker x2  
  99  9:53  Stalker x3  
Show
View Real Time Build Order
Export as new Build Order

LiquidSnute Zerg - Winner!

Build Orders: Hatch First, Muta Ling Bane 

Get SALT Encoding   

  12  0:01  Drone  
  13  0:12  Overlord  
  13  0:17  Drone  
  14  0:30  Drone x2  
  14  0:34  Drone  
  17  0:54  Drone  
  17  0:56  Drone  
  19  1:03  Hatchery  
  18  1:06  Extractor  
  17  1:14  Spawning Pool  
  17  1:18  Drone  
  17  1:21  Drone  
  18  1:28  Drone  
  19  1:38  Overlord  
  19  1:49  Drone  
  20  2:00  Queen  
  20  2:01  Drone  
  23  2:07  Metabolic Boost  
  23  2:12  Drone  
  23  2:15  Drone, Queen  
  27  2:21  Drone  
  28  2:27  Drone  
  29  2:33  Zergling x2  
  29  2:36  Zergling x2  
  31  2:43  Zergling x2  
  32  2:45  Hatchery  
  32  2:47  Zergling x2  
  32  2:53  Queen  
  32  2:56  Zergling x2  
  32  2:57  Evolution Chamber  
  34  3:00  Zergling x2  
  34  3:04  Overlord  
  35  3:09  Zergling x2  
  36  3:23  Drone  
  36  3:24  Drone x6  
  36  3:26  Drone  
  44  3:36  Overlord  
  44  3:44  Overlord  
  43  3:55  Zergling x2  
  43  3:56  Zergling x10  
  46  4:03  Drone  
  46  4:04  Drone  
  46  4:05  Drone x3  
  50  4:10  Zerg Melee Weapons Level 1  
  50  4:12  Drone x2, Roach Warren  
  50  4:14  Drone  
  50  4:17  Drone  
  50  4:18  Drone  
  50  4:23  Drone  
  53  4:29  Drone, Extractor  
  53  4:30  Drone  
  54  4:32  Drone  
  54  4:35  Spore Crawler  
  54  4:37  Spore Crawler  
  53  4:39  Spore Crawler  
  53  4:42  Drone x5  
  57  4:46  Drone  
  57  4:51  Zergling x2  
  57  4:52  Zergling x10  
  64  4:58  Zergling x4  
  61  5:18  Drone  
  61  5:19  Drone x9  
  65  5:23  Drone x2  
  65  5:24  Drone  
  65  5:26  Lair  
  63  5:30  Drone  
  63  5:31  Drone  
  63  5:32  Drone  
  64  5:37  Drone  
  64  5:38  Overlord  
  65  5:43  Overlord  
  65  5:47  Overlord  
  65  5:48  Hatchery  
  64  5:54  Baneling Nest  
  64  5:56  Overlord, Zergling x2  
  64  5:57  Zergling x6  
  64  6:02  Drone x3  
  64  6:03  Drone  
  64  6:04  Drone  
  70  6:07  Queen  
  72  6:12  Roach x4  
  72  6:13  Extractor  
  72  6:14  Roach  
  72  6:17  Roach  
  83  6:23  Roach  
  85  6:25  Zerg Melee Weapons Level 2  
  85  6:26  Zergling x2  
  85  6:27  Zergling x8  
  90  6:34  Drone  
  90  6:35  Spire  
  90  6:36  Drone x2  
  90  6:38  Extractor  
  91  6:42  Zergling x6  
  94  6:48  Drone x2  
  94  6:50  Overlord  
  96  6:54  Drone  
  96  6:55  Drone, Hatchery  
  97  7:01  Overlord, Centrifical Hooks  
  97  7:06  Overseer  
  97  7:09  Zergling x12  
  97  7:12  Ravager  
  97  7:14  Ravager  
  97  7:15  Zergling x4  
  107  7:17  Zergling x2  
  107  7:18  Zergling x6  
  107  7:19  Overlord  
  111  7:29  Overlord  
  110  7:30  Zergling x14  
  110  7:36  Overlord x3  
  117  7:46  Overseer  
  114  7:51  Mutalisk  
  114  7:52  Mutalisk  
  119  8:02  Zergling x2  
  119  8:03  Zergling x20  
  126  8:06  Ravager x3  
  126  8:10  Ravager  
  130  8:13  Zergling x8  
  130  8:19  Zergling x6  
  137  8:27  Zergling x10  
  137  8:28  Zergling x6  
  137  8:32  Ravager  
  137  8:47  Zergling x6  
  137  8:48  Zergling x16  
  104  8:58  Overseer  
  104  9:00  Drone x8  
  104  9:02  Queen x3  
  104  9:07  Drone x2  
  104  9:08  Drone x3  
  112  9:10  Drone x3  
  112  9:16  Baneling x10  
  112  9:17  Baneling x9  
  115  9:18  Zergling x2  
  115  9:19  Zergling x2  
  117  9:25  Zergling x10  
  122  9:31  Baneling x4  
  122  9:42  Zergling x18  
  131  9:51  Zergling x2  
  131  9:52  Zergling x10  
  122  9:58  Zergling x2  
  122  9:59  Zergling x6  
  117  10:04  Zergling x2  
  117  10:05  Zergling x12  
Tags
 
Add a new tag
Caveats
  • Supply blocks, unpowered buildings, or Contaminate may cause inaccurate times.
  • Supply counts are checked every 10 seconds.